Blue Jackets vs Canucks
Created - November 27, 2017 at 19:00
Goals
|
| Blue Jackets |
2 |
1 |
2 |
5 |
| Canucks |
0 |
2 |
1 |
3 |
|
Shots
|
| Blue Jackets |
9 |
6 |
8 |
23 |
| Canucks |
9 |
15 |
11 |
35 |
|
1st period
1. Blue Jackets , Peter Mueller 5 (Mike York 5) at 2:24
2. Blue Jackets , Martin Havlat 4 (Pavel Datsyuk 19, David Booth 14) at 19:01
Penalties :
No Penalty
2nd period
3. Canucks , Mike Ribeiro 8 (Maxim Afinogenov 10, Milan Michalek 8) at 1:58 (PP)
4. Canucks , Milan Michalek 13 (Sami Lepisto 3, Maxim Afinogenov 11) at 5:29
5. Blue Jackets , Peter Mueller 6 (Kevin Bieksa 3, Mike York 6) at 8:08 (PP)
Penalties :
Mike York (Clb) for Close Hand On Puck (Minor) at 1:18, Kevin Bieksa (Clb) for Interference (Minor) at 5:36, Lasse Kukkonen (Van) for Tripping (Minor) at 7:03, Jamie McBain (Van) for Holding (Minor) at 9:53, Peter Mueller (Clb) for High sticking (Double Minor) at 18:33
3rd period
6. Blue Jackets , Jeff Taffe 3 (Branislav Mezei 7, Tim Ramholt 2) at 8:22
7. Canucks , Ryan Hollweg 4 (Jamie McBain 9, Maxim Lapierre 3) at 12:45
8. Blue Jackets , Pavel Datsyuk 11 (David Booth 15, Tim Ramholt 3) at 16:27
Penalties :
Martin Havlat (Clb) for Cross-checking (Minor) at 6:14
Goalie Stats
Rick DiPietro (Clb), 32 saves from 35 shots - (0.914), W, 9-8-1, 60:00 minutes
Carey Price (Van), 14 saves from 18 shots - (0.778), L, 8-9-2, 48:22 minutes
Karri Ramo (Van), 4 saves from 5 shots - (0.800), 11:38 minutes
Players Stats for Blue Jackets
Player Name G A P +/- PIM S H SB GA TA FO MP PP MP PK MP
------------------------------------------------------------------------------------
A.J Thelen 0 0 0 1 0 0 3 0 0 0 0/0 14:18 0:00 1:09
Andreas Nodl 0 0 0 0 0 1 2 0 0 0 0/0 7:16 0:10 0:00
Branislav Mezei 0 1 1 1 0 2 1 2 1 3 0/0 27:00 1:25 2:52
David Booth 0 2 2 1 0 2 3 0 0 0 2/3 23:59 1:08 4:54
Jan Bulis 0 0 0 0 0 0 0 1 0 2 5/13 14:41 0:00 4:37
Jeff Taffe 1 0 1 1 0 2 0 0 1 0 0/0 11:25 0:00 1:12
Kevin Bieksa 0 1 1 0 2 0 2 0 0 0 0/0 17:01 1:25 0:00
Kevin Porter 0 0 0 0 0 2 1 0 0 0 1/2 8:15 0:00 1:09
Mark Stone 0 0 0 0 0 1 2 0 0 0 0/0 13:52 0:00 0:00
Martin Havlat 1 0 1 2 2 3 2 1 0 0 1/2 18:43 1:08 0:00
Matt Calvert 0 0 0 0 0 0 0 0 1 0 0/0 7:06 0:00 0:00
Mike Brown 0 0 0 0 0 1 1 0 0 0 0/0 13:07 0:51 1:59
Mike Lundin 0 0 0 0 0 0 1 1 0 3 0/0 29:23 1:40 5:13
Mike York 0 2 2 0 2 0 2 0 1 0 0/1 15:17 1:24 0:00
Pavel Datsyuk 1 1 2 1 0 5 2 1 1 0 10/30 20:37 0:58 1:59
Peter Mueller 2 0 2 1 4 4 1 0 0 0 5/12 16:29 1:24 0:20
Tim Ramholt 0 2 2 2 0 0 1 0 0 1 0/0 16:24 0:00 2:52
Torey Krug 0 0 0 0 0 0 3 0 0 1 0/0 16:26 1:07 4:04
Players Stats for Canucks
Player Name G A P +/- PIM S H SB GA TA FO MP PP MP PK MP
------------------------------------------------------------------------------------
Alex Goligoski 0 0 0 0 0 3 1 0 0 1 0/0 28:41 5:10 1:03
Ben Lovejoy 0 0 0 0 0 1 4 2 1 1 0/0 25:21 5:10 1:03
Cameron Schilling 0 0 0 0 0 0 0 0 0 0 0/0 3:48 0:00 0:31
Clarke MacArthur 0 0 0 0 0 2 0 0 1 1 2/2 18:04 3:16 0:50
Jamie McBain 0 1 1 -2 2 1 1 0 1 0 0/0 18:38 2:55 0:28
Jiri Hudler 0 0 0 0 0 2 1 0 2 0 0/0 17:07 3:16 0:00
Lasse Kukkonen 0 0 0 -2 2 1 0 2 0 1 0/0 18:52 2:54 1:01
Matt Stajan 0 0 0 0 0 3 1 0 0 0 6/11 19:15 3:16 1:23
Maxim Afinogenov 0 2 2 0 0 6 1 0 1 0 0/1 20:27 4:38 0:00
Maxim Lapierre 0 1 1 -2 0 0 3 0 1 0 5/9 14:09 0:11 0:19
Mike Ribeiro 1 0 1 0 0 7 2 1 2 1 24/37 25:16 4:38 1:04
Milan Michalek 1 1 2 0 0 6 2 1 0 0 2/3 20:49 4:38 0:22
Nikolai Zherdev 0 0 0 -1 0 0 0 1 0 0 0/0 7:05 0:11 0:00
Patrik Elias 0 0 0 0 0 0 2 0 0 0 0/0 6:35 0:00 0:00
Rene Bourque 0 0 0 -1 0 0 0 0 0 0 0/0 14:28 0:00 1:06
Ryan Hollweg 1 0 1 -2 0 2 0 0 1 0 0/0 13:19 0:11 0:00
Sami Lepisto 0 1 1 0 0 1 0 0 0 0 0/0 12:59 0:00 0:58
Tom Poti 0 0 0 0 0 0 0 0 0 0 0/0 12:01 0:00 0:00
3 Stars
1 - Pavel Datsyuk (Clb)
2 - Milan Michalek (Van)
3 - David Booth (Clb)
Power Play
Blue Jackets - 1 on 2 Attempt(s) - 50.00%
Canucks - 1 on 5 Attempt(s) - 20.00%
Penalty Kill
Blue Jackets - 4 on 5 Attempt(s) - 80.00%
- Score 0 goal in Penalty Kill
Canucks - 1 on 2 Attempt(s) - 50.00%
- Score 0 goal in Penalty Kill
Team Stat
Blue Jackets - Hits : 27 - Faceoff Wins : 24 - Blocked Shots : 6 - Penalty Minutes : 10
Canucks - Hits : 18 - Faceoff Wins : 39 - Blocked Shots : 7 - Penalty Minutes : 4
Official
Referees : Kimmerly Greg and McCreary Bill
Linesman : Jonny Murray and Michel Cormier
Game Notes
Torey Krug is injured at 4:21 of 3rd period (Left Knee)
Karri Ramo enters game at 8:22 of 3rd period
Finance
Level 1 -- Attendance: 4490 (74.83%) -- Ticket Income $408,590
Level 2 -- Attendance: 4336 (86.72%) -- Ticket Income $234,144
Level 3 -- Attendance: 1937 (96.85%) -- Ticket Income $67,795
Level 4 -- Attendance: 4000 (100.00%) -- Ticket Income $88,000
Luxury Box -- Attendance: 1000 (100.00%) -- Ticket Income $105,000
Game was played at the Budweiser Coliseum.
Total Attendance: 15763 (87.57%)
Total Ticket Income: $903,529
Other Income: $135,529
Total Income: $1,039,058
Blue Jackets
5 vs 5 Forward
Center Left Wing Right Wing Time % Phy DF OF
1 Pavel Datsyuk David Booth Martin Havlat 40 1 2 2
2 Peter Mueller Mike York Mark Stone 30 1 2 2
3 Jan Bulis Jeff Taffe Mike Brown 20 1 2 2
4 Kevin Porter Matt Calvert Andreas Nodl 10 1 2 2
5 vs 5 Defense
Defense Defense Time % Phy DF OF
1 Branislav Mezei Mike Lundin 40 1 2 2
2 Torey Krug Kevin Bieksa 30 1 2 2
3 Tim Ramholt A.J Thelen 20 1 2 2
4 Mike Lundin Branislav Mezei 10 1 2 2
PowerPlay Forward
Center Left Wing Right Wing Time % Phy DF OF
1 Pavel Datsyuk David Booth Martin Havlat 60 1 2 2
2 Peter Mueller Mike York Mike Brown 40 1 2 2
PowerPlay Defense
Defense Defense Time % Phy DF OF
1 Torey Krug Mike Lundin 60 1 2 2
2 Branislav Mezei Kevin Bieksa 40 1 2 2
Penalty Kill 4 Players Forward
Center Wing Time % Phy DF OF
1 Jan Bulis David Booth 60 1 2 2
2 Pavel Datsyuk Mike Brown 40 1 2 2
Penalty Kill 4 Players Defense
Defense Defense Time % Phy DF OF
1 Torey Krug Mike Lundin 60 1 2 2
2 Branislav Mezei Tim Ramholt 40 1 2 2
Penalty Kill - 3 Players Forward
Forward Time % Phy DF OF
1 Pavel Datsyuk 60 1 2 2
2 Jan Bulis 40 1 2 2
Penalty Kill - 3 Players Defense
Defense Defense Time % Phy DF OF
1 Tim Ramholt Mike Lundin 60 1 2 2
2 Branislav Mezei Kevin Bieksa 40 1 2 2
4 vs 4 Forward
Center Wing Time % Phy DF OF
1 Peter Mueller David Booth 60 1 2 2
2 Pavel Datsyuk Martin Havlat 40 1 2 2
4 vs 4 Defense
Defense Defense Time % Phy DF OF
1 Branislav Mezei Mike Lundin 60 1 2 2
2 Torey Krug Kevin Bieksa 40 1 2 2
Last Minutes Offensive
Center Left Wing Right Wing Defense Defense
Pavel Datsyuk David Booth Martin Havlat Kevin Bieksa Mike Lundin
Last Minutes Defensive
Center Left Wing Right Wing Defense Defense
Pavel Datsyuk David Booth Martin Havlat Kevin Bieksa Mike Lundin
Goaltenders
Starting : Rick DiPietro
Backup : Keith Kinkaid
Extra Forwards
Normal : Mike York, Andreas Nodl, Peter Mueller - PP : Mike York, Andreas Nodl - PK : Peter Mueller
Extra Defensemen
Normal : Tim Ramholt, Mike Lundin, A.J Thelen - PP : Tim Ramholt - PK : Mike Lundin, A.J Thelen
Penalty Shots
Martin Havlat, David Booth, Pavel Datsyuk, Peter Mueller, Mike York
Scratches
Dave Steckel (Healthy), Torey Krug (Left Knee Injury), Mike Commodore (Healthy), Peter Worrell (Healthy)
Canucks
5 vs 5 Forward
Center Left Wing Right Wing Time % Phy DF OF
1 Mike Ribeiro Milan Michalek Maxim Afinogenov 40 1 2 2
2 Matt Stajan Clarke MacArthur Jiri Hudler 30 1 2 2
3 Maxim Lapierre Ryan Hollweg Rene Bourque 20 1 2 2
4 Mike Ribeiro Patrik Elias Nikolai Zherdev 10 1 2 2
5 vs 5 Defense
Defense Defense Time % Phy DF OF
1 Alex Goligoski Ben Lovejoy 40 1 2 2
2 Lasse Kukkonen Jamie McBain 30 1 2 2
3 Tom Poti Sami Lepisto 20 1 2 2
4 Cameron Schilling Alex Goligoski 10 1 2 2
PowerPlay Forward
Center Left Wing Right Wing Time % Phy DF OF
1 Mike Ribeiro Milan Michalek Maxim Afinogenov 60 1 2 2
2 Matt Stajan Clarke MacArthur Jiri Hudler 40 1 2 2
PowerPlay Defense
Defense Defense Time % Phy DF OF
1 Alex Goligoski Ben Lovejoy 60 1 2 2
2 Lasse Kukkonen Jamie McBain 40 1 2 2
Penalty Kill 4 Players Forward
Center Wing Time % Phy DF OF
1 Mike Ribeiro Matt Stajan 60 1 2 2
2 Milan Michalek Clarke MacArthur 40 1 2 2
Penalty Kill 4 Players Defense
Defense Defense Time % Phy DF OF
1 Alex Goligoski Ben Lovejoy 60 1 2 2
2 Lasse Kukkonen Jamie McBain 40 1 2 2
Penalty Kill - 3 Players Forward
Forward Time % Phy DF OF
1 Mike Ribeiro 60 1 2 2
2 Matt Stajan 40 1 2 2
Penalty Kill - 3 Players Defense
Defense Defense Time % Phy DF OF
1 Alex Goligoski Ben Lovejoy 60 1 2 2
2 Lasse Kukkonen Jamie McBain 40 1 2 2
4 vs 4 Forward
Center Wing Time % Phy DF OF
1 Mike Ribeiro Matt Stajan 60 1 2 2
2 Milan Michalek Clarke MacArthur 40 1 2 2
4 vs 4 Defense
Defense Defense Time % Phy DF OF
1 Alex Goligoski Ben Lovejoy 60 1 2 2
2 Lasse Kukkonen Jamie McBain 40 1 2 2
Last Minutes Offensive
Center Left Wing Right Wing Defense Defense
Mike Ribeiro Milan Michalek Maxim Afinogenov Alex Goligoski Ben Lovejoy
Last Minutes Defensive
Center Left Wing Right Wing Defense Defense
Mike Ribeiro Milan Michalek Maxim Afinogenov Alex Goligoski Ben Lovejoy
Goaltenders
Starting : Carey Price
Backup : Karri Ramo
Extra Forwards
Normal : Maxim Lapierre, Ryan Hollweg, Rene Bourque - PP : Maxim Lapierre, Ryan Hollweg - PK : Rene Bourque
Extra Defensemen
Normal : Tom Poti, Sami Lepisto, Cameron Schilling - PP : Tom Poti - PK : Sami Lepisto, Cameron Schilling
Penalty Shots
Mike Ribeiro, Matt Stajan, Milan Michalek, Clarke MacArthur, Maxim Afinogenov
Scratches
Nik Antropov (Healthy)
% Time on Ice - Blue Jackets
Lines # - Real PCT - Wanted PCT - Time Play
Normal Forward
1 - 36% - 40% - 17:36
2 - 29% - 30% - 14:05
3 - 21% - 20% - 10:04
4 - 15% - 10% - 7:06
Normal Defense
1 - 40% - 40% - 19:31
2 - 33% - 30% - 16:20
3 - 23% - 20% - 11:12
4 - 4% - 10% - 1:48
PP Forward
1 - 66% - 60% - 1:41
2 - 34% - 40% - 0:51
PP Defense
1 - 66% - 60% - 1:40
2 - 34% - 40% - 0:52
PK Forward
1 - 75% - 60% - 6:06
2 - 25% - 40% - 1:59
PK Defense
1 - 65% - 60% - 5:13
2 - 35% - 40% - 2:52
PK3 Forward
1 - 0% - 60%
2 - 0% - 40%
PK3 Defense
1 - 0% - 60%
2 - 0% - 40%
44 Forward
1 - 100% - 60% - 0:32
2 - 0% - 40% - 0:00
44 Defense
1 - 100% - 60% - 0:32
2 - 0% - 40% - 0:00
Last Minute Offensive - 0:00
Last Minute Defensive - 0:00
Total
Forward - 60:00
Defense - 60:00
|
% Time on Ice - Canucks
Lines # - Real PCT - Wanted PCT - Time Play
Normal Forward
1 - 34% - 40% - 16:27
2 - 28% - 30% - 13:51
3 - 24% - 20% - 11:58
4 - 13% - 10% - 6:35
Normal Defense
1 - 38% - 40% - 18:36
2 - 31% - 30% - 14:57
3 - 25% - 20% - 12:01
4 - 7% - 10% - 3:17
PP Forward
1 - 60% - 60% - 4:49
2 - 40% - 40% - 3:16
PP Defense
1 - 64% - 60% - 5:10
2 - 36% - 40% - 2:55
PK Forward
1 - 86% - 60% - 2:10
2 - 14% - 40% - 0:22
PK Defense
1 - 41% - 60% - 1:03
2 - 59% - 40% - 1:29
PK3 Forward
1 - 0% - 60%
2 - 0% - 40%
PK3 Defense
1 - 0% - 60%
2 - 0% - 40%
44 Forward
1 - 100% - 60% - 0:32
2 - 0% - 40% - 0:00
44 Defense
1 - 100% - 60% - 0:32
2 - 0% - 40% - 0:00
Last Minute Offensive - 0:00
Last Minute Defensive - 0:00
Total
Forward - 60:00
Defense - 60:00
|
Play by Play
1st period
0:01 of 1st period - Mike Ribeiro wins face-off versus Pavel Datsyuk in neutral zone.
0:06 of 1st period - Wrist shot by Mike Ribeiro.
0:06 of 1st period - Shot Misses the Net.
0:12 of 1st period - Slapshot by Alex Goligoski.
0:12 of 1st period - Shot Misses the Net.
1:45 of 1st period - Mike Ribeiro is hit by Mike York.
2:24 of 1st period - Snap shot by Peter Mueller.
2:24 of 1st period - Goal by Peter Mueller - Blue Jackets : 1 - Canucks : 0.
2:25 of 1st period - Pavel Datsyuk wins face-off versus Mike Ribeiro in neutral zone.
2:28 of 1st period - Maxim Afinogenov is hit by Pavel Datsyuk and loses puck.
2:41 of 1st period - Snap shot by Maxim Afinogenov.
2:41 of 1st period - Stopped by Rick DiPietro without a rebound.
2:42 of 1st period - Peter Mueller wins face-off versus Matt Stajan in Blue Jackets zone.
2:42 of 1st period - Peter Mueller is hit by Jamie McBain.
2:52 of 1st period - Wrist shot by Mike York.
2:52 of 1st period - Shot Misses the Net.
3:15 of 1st period - Backhand shot by Pavel Datsyuk.
3:15 of 1st period - Stopped by Carey Price with a rebound.
4:06 of 1st period - Slapshot by Maxim Lapierre.
4:06 of 1st period - Shot Misses the Net.
4:14 of 1st period - Sami Lepisto is hit by A.J Thelen and loses puck.
4:47 of 1st period - Maxim Lapierre is hit by Mike Brown and loses puck.
5:08 of 1st period - Wrist shot by Peter Mueller.
5:08 of 1st period - Deflect By Tom Poti.
5:08 of 1st period - Stopped by Carey Price with a rebound.
5:26 of 1st period - Mike Ribeiro is hit by Kevin Porter and loses puck.
5:45 of 1st period - Matt Stajan is hit by Torey Krug.
5:49 of 1st period - Snap shot by Jiri Hudler.
5:49 of 1st period - Stopped by Rick DiPietro with a rebound.
6:08 of 1st period - Icing by A.J Thelen.
6:09 of 1st period - Mike Ribeiro wins face-off versus Pavel Datsyuk in Blue Jackets zone.
6:16 of 1st period - Off-side.
6:17 of 1st period - Pavel Datsyuk wins face-off versus Mike Ribeiro in neutral zone.
6:52 of 1st period - Snap shot by Matt Stajan.
6:52 of 1st period - Shot Misses the Net.
7:19 of 1st period - Snap shot by Kevin Porter.
7:19 of 1st period - Stopped by Carey Price without a rebound.
7:20 of 1st period - Mike Ribeiro wins face-off versus Kevin Porter in Canucks zone.
8:30 of 1st period - Off-side.
8:31 of 1st period - Kevin Porter wins face-off versus Mike Ribeiro in neutral zone.
8:54 of 1st period - Branislav Mezei is hit by Jiri Hudler and loses puck.
9:13 of 1st period - Slapshot by Maxim Afinogenov.
9:13 of 1st period - Stopped by Rick DiPietro without a rebound.
9:14 of 1st period - Mike Ribeiro wins face-off versus Peter Mueller in Blue Jackets zone.
9:19 of 1st period - Slapshot by Alex Goligoski.
9:19 of 1st period - Shot Misses the Net.
9:21 of 1st period - Slapshot by Ben Lovejoy.
9:21 of 1st period - Shot Misses the Net.
9:23 of 1st period - Wrist shot by Mike Ribeiro.
9:23 of 1st period - Stopped by Rick DiPietro without a rebound.
9:24 of 1st period - Clarke MacArthur wins face-off versus Pavel Datsyuk in Blue Jackets zone.
9:29 of 1st period - Snap shot by Clarke MacArthur.
9:29 of 1st period - Stopped by Rick DiPietro without a rebound.
9:30 of 1st period - Matt Stajan wins face-off versus Pavel Datsyuk in Blue Jackets zone.
9:41 of 1st period - Wrist shot by Clarke MacArthur.
9:41 of 1st period - Shot Misses the Net.
11:24 of 1st period - Wrist shot by David Booth.
11:24 of 1st period - Shot Misses the Net.
11:26 of 1st period - Wrist shot by David Booth.
11:26 of 1st period - Stopped by Carey Price without a rebound.
11:27 of 1st period - Mike Ribeiro wins face-off versus Mike York in Canucks zone.
11:37 of 1st period - Slapshot by Maxim Afinogenov.
11:37 of 1st period - Shot Misses the Net.
11:53 of 1st period - Branislav Mezei is hit by Maxim Lapierre and loses puck.
13:13 of 1st period - Maxim Lapierre is hit by Andreas Nodl and loses puck.
14:21 of 1st period - Maxim Lapierre is hit by Mike York and loses puck.
14:35 of 1st period - Icing by Peter Mueller.
14:36 of 1st period - Peter Mueller wins face-off versus Mike Ribeiro in Blue Jackets zone.
16:03 of 1st period - Matt Calvert is hit by Milan Michalek.
16:48 of 1st period - Tom Poti is hit by Mark Stone and loses puck.
17:08 of 1st period - Wrist shot by Andreas Nodl.
17:08 of 1st period - Stopped by Carey Price with a rebound.
17:10 of 1st period - Backhand shot by Kevin Porter.
17:10 of 1st period - Stopped by Carey Price without a rebound.
17:11 of 1st period - Martin Havlat wins face-off versus Matt Stajan in Canucks zone.
17:28 of 1st period - Slapshot by Matt Stajan.
17:28 of 1st period - Stopped by Rick DiPietro with a rebound.
18:27 of 1st period - Wrist shot by Clarke MacArthur.
18:27 of 1st period - Stopped by Rick DiPietro with a rebound.
18:39 of 1st period - Snap shot by Mike Ribeiro.
18:39 of 1st period - Stopped by Rick DiPietro without a rebound.
18:40 of 1st period - Mike Ribeiro wins face-off versus Pavel Datsyuk in Blue Jackets zone.
18:43 of 1st period - Snap shot by Mike Ribeiro.
18:43 of 1st period - Stopped by Rick DiPietro without a rebound.
18:44 of 1st period - Mike Ribeiro wins face-off versus David Booth in Blue Jackets zone.
18:45 of 1st period - Wrist shot by Maxim Afinogenov.
18:45 of 1st period - Shot Blocked by Pavel Datsyuk.
18:57 of 1st period - Snap shot by Martin Havlat.
18:57 of 1st period - Shot Blocked by Milan Michalek.
18:59 of 1st period - Snap shot by Martin Havlat.
18:59 of 1st period - Shot Misses the Net.
19:01 of 1st period - Wrist shot by Martin Havlat.
19:01 of 1st period - Goal by Martin Havlat - Blue Jackets : 2 - Canucks : 0.
19:02 of 1st period - Mike Ribeiro wins face-off versus Peter Mueller in neutral zone.
19:09 of 1st period - Maxim Afinogenov is hit by Mark Stone and loses puck.
19:14 of 1st period - Wrist shot by Peter Mueller.
19:14 of 1st period - Shot Blocked by Mike Ribeiro.
19:16 of 1st period - Wrist shot by Mark Stone.
19:16 of 1st period - Stopped by Carey Price without a rebound.
19:17 of 1st period - Pavel Datsyuk wins face-off versus Mike Ribeiro in Canucks zone.
19:44 of 1st period - Mike York is hit by Alex Goligoski and loses puck.
Goals for this period are 2 for Blue Jackets vs 0 for Canucks.
Shots for this period are 9 for Blue Jackets vs 9 for Canucks.
2nd period
0:01 of 2nd period - Mike Ribeiro wins face-off versus Martin Havlat in neutral zone.
0:08 of 2nd period - Wrist shot by Milan Michalek.
0:08 of 2nd period - Stopped by Rick DiPietro with a rebound.
0:10 of 2nd period - Slapshot by Alex Goligoski.
0:10 of 2nd period - Deflect By Martin Havlat.
0:10 of 2nd period - Stopped by Rick DiPietro without a rebound.
0:11 of 2nd period - Mike Ribeiro wins face-off versus Pavel Datsyuk in Blue Jackets zone.
0:24 of 2nd period - Martin Havlat is hit by Maxim Afinogenov and loses puck.
0:47 of 2nd period - Snap shot by Jiri Hudler.
0:47 of 2nd period - Stopped by Rick DiPietro without a rebound.
0:48 of 2nd period - Matt Stajan wins face-off versus Pavel Datsyuk in Blue Jackets zone.
1:15 of 2nd period - Milan Michalek is hit by Kevin Bieksa.
1:18 of 2nd period - Minor Penalty to Mike York for Close Hand On Puck.
1:19 of 2nd period - Milan Michalek wins face-off versus Jan Bulis in Blue Jackets zone.
1:24 of 2nd period - Snap shot by Maxim Afinogenov.
1:24 of 2nd period - Stopped by Rick DiPietro with a rebound.
1:58 of 2nd period - Snap shot by Mike Ribeiro.
1:58 of 2nd period - Goal by Mike Ribeiro - Blue Jackets : 2 - Canucks : 1.
1:59 of 2nd period - Peter Mueller wins face-off versus Matt Stajan in neutral zone.
2:02 of 2nd period - Jiri Hudler is hit by Peter Mueller and loses puck.
2:11 of 2nd period - Wrist shot by Peter Mueller.
2:11 of 2nd period - Stopped by Carey Price with a rebound.
2:13 of 2nd period - Wrist shot by Mike York.
2:13 of 2nd period - Shot Blocked by Ben Lovejoy.
2:15 of 2nd period - Slapshot by Branislav Mezei.
2:15 of 2nd period - Stopped by Carey Price without a rebound.
2:16 of 2nd period - Pavel Datsyuk wins face-off versus Mike Ribeiro in Canucks zone.
4:19 of 2nd period - Wrist shot by Mike York.
4:19 of 2nd period - Deflect By Mark Stone.
4:19 of 2nd period - Shot Misses the Net.
4:19 of 2nd period - Puck is out of play.
4:20 of 2nd period - Mike Ribeiro wins face-off versus Peter Mueller in Canucks zone.
4:26 of 2nd period - Off-side.
4:27 of 2nd period - Pavel Datsyuk wins face-off versus Mike Ribeiro in neutral zone.
4:29 of 2nd period - Off-side.
4:30 of 2nd period - Pavel Datsyuk wins face-off versus Mike Ribeiro in neutral zone.
4:30 of 2nd period - Pavel Datsyuk is hit by Mike Ribeiro.
4:34 of 2nd period - Sami Lepisto is hit by David Booth and loses puck.
5:09 of 2nd period - Snap shot by Maxim Afinogenov.
5:09 of 2nd period - Shot Misses the Net.
5:11 of 2nd period - Slapshot by Sami Lepisto.
5:11 of 2nd period - Shot Misses the Net.
5:13 of 2nd period - Snap shot by Maxim Afinogenov.
5:13 of 2nd period - Shot Misses the Net.
5:15 of 2nd period - Slapshot by Sami Lepisto.
5:15 of 2nd period - Stopped by Rick DiPietro with a rebound.
5:17 of 2nd period - Snap shot by Sami Lepisto.
5:17 of 2nd period - Shot Misses the Net.
5:21 of 2nd period - Wrist shot by Mike Ribeiro.
5:21 of 2nd period - Stopped by Rick DiPietro with a rebound.
5:23 of 2nd period - Slapshot by Tom Poti.
5:23 of 2nd period - Shot Blocked by Martin Havlat.
5:25 of 2nd period - Snap shot by Maxim Afinogenov.
5:25 of 2nd period - Shot Blocked by Mike Lundin.
5:27 of 2nd period - Slapshot by Sami Lepisto.
5:27 of 2nd period - Shot Misses the Net.
5:29 of 2nd period - Snap shot by Milan Michalek.
5:29 of 2nd period - Goal by Milan Michalek - Blue Jackets : 2 - Canucks : 2.
5:30 of 2nd period - Matt Stajan wins face-off versus Peter Mueller in neutral zone.
5:36 of 2nd period - Minor Penalty to Kevin Bieksa for Interference.
5:37 of 2nd period - Mike Ribeiro wins face-off versus Jan Bulis in Blue Jackets zone.
5:37 of 2nd period - Slapshot by Milan Michalek.
5:37 of 2nd period - Stopped by Rick DiPietro without a rebound.
5:38 of 2nd period - David Booth wins face-off versus Milan Michalek in Blue Jackets zone.
5:47 of 2nd period - Snap shot by Maxim Afinogenov.
5:47 of 2nd period - Shot Hit the Post.
5:49 of 2nd period - Wrist shot by Milan Michalek.
5:49 of 2nd period - Stopped by Rick DiPietro without a rebound.
5:50 of 2nd period - Mike Ribeiro wins face-off versus Jan Bulis in Blue Jackets zone.
5:53 of 2nd period - Snap shot by Maxim Afinogenov.
5:53 of 2nd period - Shot Misses the Net.
5:55 of 2nd period - Snap shot by Mike Ribeiro.
5:55 of 2nd period - Stopped by Rick DiPietro with a rebound.
5:57 of 2nd period - Snap shot by Mike Ribeiro.
5:57 of 2nd period - Shot Misses the Net.
5:59 of 2nd period - Snap shot by Mike Ribeiro.
5:59 of 2nd period - Shot Misses the Net.
6:01 of 2nd period - Wrist shot by Maxim Afinogenov.
6:01 of 2nd period - Stopped by Rick DiPietro with a rebound.
6:03 of 2nd period - Wrist shot by Mike Ribeiro.
6:03 of 2nd period - Stopped by Rick DiPietro without a rebound.
6:04 of 2nd period - Mike Ribeiro wins face-off versus Jan Bulis in Blue Jackets zone.
7:03 of 2nd period - Minor Penalty to Lasse Kukkonen for Tripping.
7:04 of 2nd period - Mike Ribeiro wins face-off versus Peter Mueller in Canucks zone.
7:36 of 2nd period - Penalty to Kevin Bieksa is over, Kevin Bieksa is back on ice.
7:47 of 2nd period - Jamie McBain is hit by Mike Lundin and loses puck.
8:08 of 2nd period - Snap shot by Peter Mueller.
8:08 of 2nd period - Goal by Peter Mueller - Blue Jackets : 3 - Canucks : 2.
8:09 of 2nd period - Pavel Datsyuk wins face-off versus Maxim Afinogenov in neutral zone.
8:20 of 2nd period - Wrist shot by Pavel Datsyuk.
8:20 of 2nd period - Stopped by Carey Price without a rebound.
8:21 of 2nd period - Mike Ribeiro wins face-off versus Pavel Datsyuk in Canucks zone.
8:21 of 2nd period - Mike Ribeiro is hit by Torey Krug.
8:28 of 2nd period - Icing by Milan Michalek.
8:29 of 2nd period - Mike Ribeiro wins face-off versus Pavel Datsyuk in Canucks zone.
8:29 of 2nd period - Mike Ribeiro is hit by Martin Havlat.
9:05 of 2nd period - Snap shot by Pavel Datsyuk.
9:05 of 2nd period - Stopped by Carey Price with a rebound.
9:07 of 2nd period - Snap shot by Martin Havlat.
9:07 of 2nd period - Shot Misses the Net.
9:09 of 2nd period - Slapshot by Martin Havlat.
9:09 of 2nd period - Stopped by Carey Price with a rebound.
9:11 of 2nd period - Slapshot by Torey Krug.
9:11 of 2nd period - Shot Blocked by Ben Lovejoy.
9:13 of 2nd period - Snap shot by Martin Havlat.
9:13 of 2nd period - Deflect By David Booth.
9:13 of 2nd period - Shot Misses the Net.
9:13 of 2nd period - Puck is out of play.
9:14 of 2nd period - Matt Stajan wins face-off versus Peter Mueller in Canucks zone.
9:20 of 2nd period - Off-side.
9:21 of 2nd period - Peter Mueller wins face-off versus Matt Stajan in neutral zone.
9:53 of 2nd period - Minor Penalty to Jamie McBain for Holding.
9:54 of 2nd period - Mike Ribeiro wins face-off versus Pavel Datsyuk in Canucks zone.
10:42 of 2nd period - Kevin Bieksa is hit by Ben Lovejoy.
11:53 of 2nd period - Penalty to Jamie McBain is over, Jamie McBain is back on ice.
12:00 of 2nd period - Alex Goligoski is hit by Kevin Bieksa and loses puck.
12:47 of 2nd period - Slapshot by Alex Goligoski.
12:47 of 2nd period - Stopped by Rick DiPietro with a rebound.
12:49 of 2nd period - Slapshot by Ben Lovejoy.
12:49 of 2nd period - Shot Misses the Net.
12:51 of 2nd period - Slapshot by Alex Goligoski.
12:51 of 2nd period - Shot Misses the Net.
13:21 of 2nd period - Kevin Porter is hit by Patrik Elias and loses puck.
13:38 of 2nd period - Jamie McBain is hit by Pavel Datsyuk and loses puck.
13:51 of 2nd period - Sami Lepisto is hit by Tim Ramholt and loses puck.
15:52 of 2nd period - Snap shot by Mike Brown.
15:52 of 2nd period - Shot Misses the Net.
16:04 of 2nd period - Torey Krug is hit by Maxim Lapierre and loses puck.
16:43 of 2nd period - Snap shot by Ryan Hollweg.
16:43 of 2nd period - Shot Misses the Net.
16:53 of 2nd period - Jan Bulis is hit by Patrik Elias and loses puck.
17:11 of 2nd period - Icing by Matt Calvert.
17:12 of 2nd period - Pavel Datsyuk wins face-off versus Maxim Lapierre in Blue Jackets zone.
17:17 of 2nd period - Rene Bourque is hit by Torey Krug and loses puck.
17:24 of 2nd period - Wrist shot by Pavel Datsyuk.
17:24 of 2nd period - Shot Misses the Net.
17:26 of 2nd period - Snap shot by Torey Krug.
17:26 of 2nd period - Shot Blocked by Lasse Kukkonen.
17:28 of 2nd period - Slapshot by Torey Krug.
17:28 of 2nd period - Shot Misses the Net.
17:40 of 2nd period - Slapshot by Jamie McBain.
17:40 of 2nd period - Shot Misses the Net.
17:42 of 2nd period - Slapshot by Jiri Hudler.
17:42 of 2nd period - Shot Blocked by Branislav Mezei.
17:44 of 2nd period - Slapshot by Jamie McBain.
17:44 of 2nd period - Shot Misses the Net.
17:46 of 2nd period - Wrist shot by Matt Stajan.
17:46 of 2nd period - Stopped by Rick DiPietro without a rebound.
17:47 of 2nd period - Mike Ribeiro wins face-off versus Pavel Datsyuk in Blue Jackets zone.
17:58 of 2nd period - Martin Havlat is hit by Mike Ribeiro and loses puck.
18:33 of 2nd period - Double Minor Penalty to Peter Mueller for High sticking.
18:34 of 2nd period - Jan Bulis wins face-off versus Mike Ribeiro in Blue Jackets zone.
18:45 of 2nd period - Milan Michalek is hit by David Booth and loses puck.
Goals for this period are 1 for Blue Jackets vs 2 for Canucks.
Shots for this period are 6 for Blue Jackets vs 15 for Canucks.
3rd period
0:01 of 3rd period - Jan Bulis wins face-off versus Mike Ribeiro in neutral zone.
0:04 of 3rd period - Maxim Afinogenov is hit by David Booth and loses puck.
1:05 of 3rd period - Jiri Hudler is hit by Branislav Mezei and loses puck.
2:33 of 3rd period - Penalty to Peter Mueller is over, Peter Mueller is back on ice.
2:38 of 3rd period - Peter Mueller is hit by Ben Lovejoy and loses puck.
3:52 of 3rd period - Jamie McBain is hit by Andreas Nodl and loses puck.
4:20 of 3rd period - Torey Krug is hit by Maxim Lapierre and loses puck.
4:21 of 3rd period - Torey Krug from Blue Jackets is injured at 4:21 of 3rd period (Left Knee).
4:22 of 3rd period - Mike Ribeiro wins face-off versus Pavel Datsyuk in Canucks zone.
4:31 of 3rd period - Snap shot by Mike Ribeiro.
4:31 of 3rd period - Deflect By Maxim Afinogenov.
4:31 of 3rd period - Shot Misses the Net.
4:31 of 3rd period - Puck is out of play.
4:32 of 3rd period - Mike Ribeiro wins face-off versus Pavel Datsyuk in Blue Jackets zone.
4:49 of 3rd period - Snap shot by Ben Lovejoy.
4:49 of 3rd period - Shot Blocked by Branislav Mezei.
4:52 of 3rd period - Icing by Mike Lundin.
4:53 of 3rd period - Matt Stajan wins face-off versus Pavel Datsyuk in Blue Jackets zone.
4:59 of 3rd period - Off-side.
5:00 of 3rd period - Clarke MacArthur wins face-off versus Pavel Datsyuk in neutral zone.
5:05 of 3rd period - Snap shot by Matt Stajan.
5:05 of 3rd period - Stopped by Rick DiPietro without a rebound.
5:06 of 3rd period - Mike Ribeiro wins face-off versus Pavel Datsyuk in Blue Jackets zone.
5:07 of 3rd period - Snap shot by Maxim Afinogenov.
5:07 of 3rd period - Shot Misses the Net.
5:35 of 3rd period - Snap shot by Peter Mueller.
5:35 of 3rd period - Shot Misses the Net.
5:37 of 3rd period - Snap shot by Mike York.
5:37 of 3rd period - Shot Misses the Net.
5:48 of 3rd period - Icing by Alex Goligoski.
5:49 of 3rd period - Maxim Lapierre wins face-off versus Jan Bulis in Canucks zone.
6:04 of 3rd period - Wrist shot by Ryan Hollweg.
6:04 of 3rd period - Stopped by Rick DiPietro without a rebound.
6:05 of 3rd period - Pavel Datsyuk wins face-off versus Mike Ribeiro in Blue Jackets zone.
6:14 of 3rd period - Wrist shot by David Booth.
6:14 of 3rd period - Deflect By Martin Havlat.
6:14 of 3rd period - Stopped by Carey Price without a rebound.
6:14 of 3rd period - Minor Penalty to Martin Havlat for Cross-checking.
6:15 of 3rd period - Mike Ribeiro wins face-off versus Jan Bulis in Blue Jackets zone.
6:18 of 3rd period - Slapshot by Milan Michalek.
6:18 of 3rd period - Stopped by Rick DiPietro with a rebound.
6:42 of 3rd period - A.J Thelen is hit by Matt Stajan and loses puck.
7:51 of 3rd period - Peter Mueller is hit by Ben Lovejoy.
8:14 of 3rd period - Penalty to Martin Havlat is over, Martin Havlat is back on ice.
8:20 of 3rd period - Slapshot by Branislav Mezei.
8:20 of 3rd period - Stopped by Carey Price with a rebound.
8:22 of 3rd period - Slapshot by Jeff Taffe.
8:22 of 3rd period - Goal by Jeff Taffe - Blue Jackets : 4 - Canucks : 2.
8:22 of 3rd period - Karri Ramo enters game.
8:23 of 3rd period - David Booth wins face-off versus Maxim Lapierre in neutral zone.
9:40 of 3rd period - Wrist shot by Andreas Nodl.
9:40 of 3rd period - Shot Blocked by Nikolai Zherdev.
9:42 of 3rd period - Wrist shot by Matt Calvert.
9:42 of 3rd period - Deflect By Kevin Porter.
9:42 of 3rd period - Shot Misses the Net.
9:42 of 3rd period - Puck is out of play.
9:43 of 3rd period - Matt Stajan wins face-off versus Pavel Datsyuk in Canucks zone.
9:54 of 3rd period - Snap shot by Clarke MacArthur.
9:54 of 3rd period - Shot Misses the Net.
10:33 of 3rd period - Wrist shot by Maxim Afinogenov.
10:33 of 3rd period - Stopped by Rick DiPietro without a rebound.
10:34 of 3rd period - Jan Bulis wins face-off versus Mike Ribeiro in Blue Jackets zone.
11:04 of 3rd period - Slapshot by Alex Goligoski.
11:04 of 3rd period - Shot Misses the Net.
11:42 of 3rd period - Nikolai Zherdev is hit by A.J Thelen and loses puck.
12:01 of 3rd period - Snap shot by Alex Goligoski.
12:01 of 3rd period - Shot Misses the Net.
12:03 of 3rd period - Slapshot by Jamie McBain.
12:03 of 3rd period - Stopped by Rick DiPietro with a rebound.
12:05 of 3rd period - Slapshot by Lasse Kukkonen.
12:05 of 3rd period - Stopped by Rick DiPietro without a rebound.
12:06 of 3rd period - Maxim Lapierre wins face-off versus Pavel Datsyuk in Blue Jackets zone.
12:11 of 3rd period - Slapshot by Jamie McBain.
12:11 of 3rd period - Shot Misses the Net.
12:21 of 3rd period - Snap shot by Pavel Datsyuk.
12:21 of 3rd period - Shot Blocked by Lasse Kukkonen.
12:45 of 3rd period - Snap shot by Ryan Hollweg.
12:45 of 3rd period - Goal by Ryan Hollweg - Blue Jackets : 4 - Canucks : 3.
12:46 of 3rd period - Milan Michalek wins face-off versus Pavel Datsyuk in neutral zone.
14:02 of 3rd period - Slapshot by Jeff Taffe.
14:02 of 3rd period - Shot Misses the Net.
14:06 of 3rd period - Slapshot by Mike Brown.
14:06 of 3rd period - Shot Misses the Net.
14:08 of 3rd period - Slapshot by Jeff Taffe.
14:08 of 3rd period - Shot Misses the Net.
14:25 of 3rd period - Tom Poti is hit by Martin Havlat and loses puck.
14:44 of 3rd period - Snap shot by Matt Calvert.
14:44 of 3rd period - Shot Misses the Net.
14:58 of 3rd period - Slapshot by Alex Goligoski.
14:58 of 3rd period - Stopped by Rick DiPietro with a rebound.
15:00 of 3rd period - Slapshot by Alex Goligoski.
15:00 of 3rd period - Shot Misses the Net.
15:02 of 3rd period - Snap shot by Ben Lovejoy.
15:02 of 3rd period - Stopped by Rick DiPietro without a rebound.
15:03 of 3rd period - Pavel Datsyuk wins face-off versus Matt Stajan in Blue Jackets zone.
15:12 of 3rd period - Snap shot by Pavel Datsyuk.
15:12 of 3rd period - Shot Misses the Net.
15:18 of 3rd period - Snap shot by Jamie McBain.
15:18 of 3rd period - Shot Misses the Net.
15:48 of 3rd period - Mike Lundin is hit by Milan Michalek and loses puck.
15:57 of 3rd period - Slapshot by Maxim Afinogenov.
15:57 of 3rd period - Stopped by Rick DiPietro with a rebound.
16:13 of 3rd period - Snap shot by Pavel Datsyuk.
16:13 of 3rd period - Stopped by Karri Ramo without a rebound.
16:14 of 3rd period - Maxim Lapierre wins face-off versus Pavel Datsyuk in Canucks zone.
16:27 of 3rd period - Snap shot by Pavel Datsyuk.
16:27 of 3rd period - Goal by Pavel Datsyuk - Blue Jackets : 5 - Canucks : 3.
16:28 of 3rd period - Jan Bulis wins face-off versus Mike Ribeiro in neutral zone.
16:55 of 3rd period - Tim Ramholt is hit by Ben Lovejoy and loses puck.
17:28 of 3rd period - Matt Stajan is hit by A.J Thelen and loses puck.
18:17 of 3rd period - Snap shot by Jeff Taffe.
18:17 of 3rd period - Stopped by Karri Ramo without a rebound.
18:18 of 3rd period - Jan Bulis wins face-off versus Maxim Lapierre in Canucks zone.
18:25 of 3rd period - Snap shot by Mike Brown.
18:25 of 3rd period - Stopped by Karri Ramo without a rebound.
18:26 of 3rd period - Maxim Lapierre wins face-off versus Jan Bulis in Canucks zone.
18:57 of 3rd period - Wrist shot by David Booth.
18:57 of 3rd period - Shot Misses the Net.
18:59 of 3rd period - Backhand shot by Pavel Datsyuk.
18:59 of 3rd period - Deflect By David Booth.
18:59 of 3rd period - Stopped by Karri Ramo without a rebound.
19:00 of 3rd period - Mike Ribeiro wins face-off versus Jan Bulis in Canucks zone.
19:11 of 3rd period - Wrist shot by Mike Ribeiro.
19:11 of 3rd period - Shot Misses the Net.
19:13 of 3rd period - Slapshot by Maxim Afinogenov.
19:13 of 3rd period - Shot Blocked by Jan Bulis.
19:15 of 3rd period - Slapshot by Milan Michalek.
19:15 of 3rd period - Stopped by Rick DiPietro without a rebound.
19:16 of 3rd period - Maxim Lapierre wins face-off versus Peter Mueller in Blue Jackets zone.
19:21 of 3rd period - Snap shot by Maxim Lapierre.
19:21 of 3rd period - Deflect By Ryan Hollweg.
19:21 of 3rd period - Shot Misses the Net.
19:21 of 3rd period - Puck is out of play.
19:22 of 3rd period - Peter Mueller wins face-off versus Maxim Lapierre in Blue Jackets zone.
Goals for this period are 2 for Blue Jackets vs 1 for Canucks.
Shots for this period are 8 for Blue Jackets vs 11 for Canucks.
Back to the Top